Map: Central Protocol

Players

Idiocracy

  • Race: Terran Terran
  • League: Silver

lesha - Winner!

  • Race: Terran Terran
  • League: Silver

VOD

Have the link to the VOD?

Description

Time

  • Played on: Jan. 1, 2016, 5:18 a.m.
  • Length: 14:33
Show
View Real Time Build Order
Export as new Build Order

Idiocracy Terran 

Build Orders: Banshee Rush 

Get SALT Encoding   

  12  0:03  SCV  
  13  0:15  SCV  
  14  0:21  Supply Depot  
  14  0:27  SCV  
  15  0:31  Refinery  
  15  0:44  Barracks  
  15  0:53  SCV  
  16  1:05  SCV  
  17  1:15  Barracks  
  17  1:17  SCV  
  18  1:19  Refinery  
  18  1:29  SCV  
  19  1:33  Reaper  
  20  1:50  Orbital Command  
  20  2:06  Factory  
  20  2:32  Marine  
  20  2:33  Marine  
  20  2:35  SCV  
  23  2:43  Supply Depot  
  22  2:47  SCV  
  23  3:02  Marine  
  23  3:04  Marine  
  23  3:05  Factory Tech Lab  
  24  3:07  Starport  
  24  3:10  SCV  
  25  3:25  Command Center  
  25  3:29  Barracks Tech Lab  
  25  3:37  Marine  
  26  3:43  SCV  
  27  3:50  Marine  
  27  3:52  Banshee  
  27  3:53  Cloaking Field  
  31  4:02  Stimpack  
  31  4:09  Supply Depot  
  31  4:27  Barracks Reactor  
  31  4:30  Widow Mine  
  31  4:31  SCV  
  34  4:33  Supply Depot  
  34  4:38  Orbital Command  
  34  4:40  Barracks  
  34  4:47  Marauder  
  36  5:01  Medivac  
  38  5:14  Orbital Command  
  38  5:16  Factory Tech Lab  
  38  5:23  Barracks  
  38  5:31  Marine x2  
  38  5:32  Medivac  
  38  5:34  Barracks Tech Lab  
  39  5:55  SCV  
  40  5:57  Siege Tank  
  43  6:05  SCV, Engineering Bay  
  43  6:06  Engineering Bay  
  43  6:07  SCV  
  43  6:08  Marine x2  
  43  6:10  Marine, Marauder  
  50  6:12  Barracks Reactor  
  50  6:19  SCV  
  51  6:26  Marine x2  
  51  6:28  Marine  
  51  6:30  Marine  
  51  6:31  SCV  
  56  6:43  SCV  
  56  6:45  Marine  
  56  6:49  Marine x2  
  56  6:50  Siege Tank  
  61  6:58  Barracks  
  61  7:04  Terran Infantry Weapons Level 1, Barracks  
  61  7:05  Terran Infantry Armor Level 1, Starport Reactor  
  61  7:16  SCV  
  61  7:22  Supply Depot x2  
  62  7:30  Supply Depot  
  62  7:33  Supply Depot  
  62  7:43  SCV  
  63  7:55  Medivac  
  63  7:56  SCV, Medivac  
  68  8:05  Refinery  
  68  8:08  SCV  
  69  8:15  Siege Tank  
  69  8:17  Marauder x2, Marine x3  
  79  8:20  SCV  
  79  8:26  Marine  
  81  8:32  SCV, Refinery  
  64  8:35  Marine x2  
  63  8:44  SCV  
  50  9:22  SCV  
  51  9:32  Barracks Reactor  
  51  9:34  SCV, Marine x4  
  56  9:40  Command Center  
  56  9:46  SCV  
  56  9:52  Siege Tank  
  60  9:58  SCV  
  61  10:07  Marine x4  
  61  10:10  SCV  
  66  10:16  Marine x2  
  68  10:22  SCV  
  69  10:40  Marauder, Marine x2  
  75  11:01  Marauder  
  66  11:16  SCV  
  67  11:20  Orbital Command  
  67  11:26  Refinery, Marine x4  
  67  11:28  SCV  
  69  11:52  Refinery  
  57  12:40  Barracks  
  57  12:41  Marine x2  
  59  12:44  SCV  
  53  12:56  SCV  
  54  12:59  Marine x2  
  55  13:16  Marine x2  
  57  13:28  Barracks  
  56  13:34  Marine  
  57  13:44  SCV  
  58  13:56  SCV  
  58  13:58  Command Center  
  59  14:08  SCV  
  62  14:17  Barracks  
  62  14:23  Barracks Reactor  
Show
View Real Time Build Order
Export as new Build Order

lesha Terran - Winner!

Build Orders: Reaper Expand, MMM Bio 

Get SALT Encoding   

  12  0:01  SCV  
  13  0:13  SCV  
  14  0:18  Supply Depot  
  14  0:28  SCV  
  15  0:40  SCV  
  15  0:41  Barracks  
  16  0:46  Refinery  
  16  0:52  SCV  
  17  1:04  SCV  
  18  1:16  SCV  
  19  1:29  Orbital Command  
  19  1:31  Reaper  
  20  1:49  Command Center  
  20  1:57  SCV  
  21  2:07  Supply Depot  
  21  2:09  SCV  
  21  2:14  Factory  
  22  2:19  Marine  
  23  2:38  SCV  
  24  2:50  SCV  
  23  2:59  Barracks Reactor  
  23  3:04  SCV  
  27  3:05  Orbital Command  
  23  3:18  Barracks  
  23  3:19  Barracks  
  23  3:20  Refinery  
  23  3:25  SCV  
  23  3:26  Barracks  
  24  3:33  SCV  
  25  3:38  SCV  
  26  3:41  Engineering Bay  
  26  3:45  SCV, Marine x2  
  29  3:57  SCV x2  
  31  4:09  SCV x2  
  33  4:10  Starport  
  33  4:17  Barracks Reactor x2, Barracks Tech Lab  
  33  4:18  Factory Reactor  
  33  4:21  SCV, Marine x2  
  33  4:22  SCV  
  37  4:28  Supply Depot x2  
  37  4:31  Terran Infantry Weapons Level 1  
  37  4:34  SCV  
  37  4:35  SCV  
  37  4:38  Marine  
  40  4:39  Marine  
  41  4:47  SCV x2, Marine  
  41  4:51  Stimpack  
  44  4:57  Marine x2  
  44  4:58  Marine x2  
  49  5:00  SCV x2  
  49  5:01  Starport Reactor  
  49  5:20  Marine x4  
  53  5:21  Marauder  
  53  5:22  Widow Mine  
  53  5:24  Widow Mine  
  55  5:40  Missile Turret  
  54  5:46  Missile Turret, Medivac  
  54  5:48  Medivac  
  58  5:50  Marine x4  
  62  5:59  Supply Depot  
  62  6:03  Marine x3  
  62  6:04  Supply Depot  
  65  6:07  Refinery  
  65  6:08  Refinery  
  65  6:15  SCV x2  
  65  6:17  Marine x3  
  65  6:18  Marine  
  71  6:27  SCV x2  
  63  6:49  Marine x7  
  63  6:51  Medivac  
  63  6:52  Combat Shields  
  72  6:59  SCV  
  72  7:00  SCV  
  74  7:06  Marine  
  75  7:12  SCV x2  
  75  7:13  Missile Turret  
  77  7:18  Terran Infantry Armor Level 1  
  77  7:23  Engineering Bay  
  77  7:24  Missile Turret  
  77  7:27  Missile Turret  
  77  7:29  Missile Turret  
  77  7:37  Marine x4  
  77  7:38  Marine x3  
  77  7:40  Medivac  
  86  7:45  SCV x2  
  88  7:55  Marine x2  
  88  7:58  Marine x4  
  94  8:17  Supply Depot  
  94  8:18  Supply Depot  
  94  8:20  Supply Depot  
  94  8:38  Marine x2  
  96  8:41  Marine x2  
  96  8:42  Marine x3  
  96  8:43  Medivac x2  
  100  8:56  Marine  
  92  9:06  Marine x5  
  92  9:07  Marine  
  98  9:14  Marine  
  98  9:16  Medivac x2  
  103  9:24  Marine x2  
  102  9:25  Marine x2  
  102  9:26  Marine x2  
  108  9:32  Marine  
  109  9:40  Barracks x2  
  109  9:42  Barracks  
  109  9:43  Command Center  
  109  9:46  Supply Depot  
  109  9:49  Supply Depot  
  109  9:50  Supply Depot  
  109  9:52  Armory  
  109  10:01  Marine x7  
  109  10:03  Widow Mine  
  109  10:07  Widow Mine  
  120  10:18  Marine  
  121  10:29  Command Center  
  121  10:37  Missile Turret  
  121  10:39  Missile Turret  
  121  10:42  Missile Turret  
  104  11:05  Marine  
  104  11:06  Marine x7  
  104  11:07  Barracks Reactor  
  112  11:36  Marine x3  
  112  11:37  Barracks Reactor x2, Marine x2  
  112  11:39  Marine x2  
  113  11:54  Marine x3  
  113  12:00  Marine x5  
  113  12:01  Marine  
  122  12:02  Medivac x2  
  125  12:12  Marine x3  
  108  12:18  Marine x7  
  108  12:19  Marine x2  
  111  12:37  Marine x7  
  111  12:38  Marine x6  
  124  12:54  Marine  
  124  12:55  Marine x6  
  131  13:02  Marine  
  131  13:03  Marine x5  
  137  13:33  Marine  
  137  13:34  Marine x8  
  139  13:35  Marine x4  
  148  13:51  Marine  
  148  13:52  Orbital Command  
  149  13:58  SCV x2  
  149  14:02  Orbital Command  
  151  14:10  SCV  
  151  14:13  Marine  
  151  14:14  Marine  
Tags
 
Composition
MMM Bio
Matchup
TvT
Race
Terran
Strategy
Banshee Rush
Add a new tag
Caveats
  • Supply blocks, unpowered buildings, or Contaminate may cause inaccurate times.
  • Supply counts are checked every 10 seconds.